 Dungeon Crawl Stone Soup version 0.20.1-1-g8b1a95d (webtiles) character file.

2709 motkuZENMODE the Fighter (level 9, -1/102 HPs)
             Began as an Ogre Wizard on July 31, 2017.
             Was an Elder of Okawaru.
             Shot with an arrow by a centaur (10 damage)
             ... on level 8 of the Dungeon.
             The game lasted 00:34:53 (9985 turns).

motkuZENMODE the Fighter (Ogre Wizard)              Turns: 9985, Time: 00:34:54

Health: -1/102     AC:  8    Str: 20    XL:     9   Next: 66%
Magic:  19/24      EV: 10    Int: 22    God:    Okawaru [****..]
Gold:   378        SH:  5    Dex:  7    Spells: 8/16 levels left

rFire    . . .     SeeInvis +   v - +4 short sword of Ointment {pierce, +Fly Str+4 Int+3}
rCold    . . .     Gourm    .   (no shield)
rNeg     . . .     Faith    .   M - +2 robe {Archmagi}
rPois    .         Spirit   .   S - +2 hat
rElec    .         Reflect  +   O - +0 cloak
rCorr    .         Harm     .   (gloves unavailable)
MR       .....                  (boots unavailable)
Stlth    +.........             D - +5 amulet of reflection
Regen    0.3/turn               o - ring of see invisible
MPRegen  0.2/turn               w - ring of magical power

@: lethally poisoned (-1 -> -1)
A: unfitting armour, tough skin 1
a: Heroism, Renounce Religion, Evoke Flight


You were on level 8 of the Dungeon.
You worshipped Okawaru.
Okawaru was greatly pleased with you.
You were not hungry.

You visited 2 branches of the dungeon, and saw 9 of its levels.

You collected 378 gold pieces.

Inventory:

Hand Weapons
 u - a +0 dagger of draining
 v - the +4 short sword of Ointment (weapon) {pierce, +Fly Str+4 Int+3}
   (You found it on level 7 of the Dungeon)

   It inflicts extra damage upon your enemies.
   It affects your strength (+4).
   It affects your intelligence (+3).
   It lets you fly.
 z - a +0 scythe
 F - a +0 trident
 N - a +1 spear of piercing
Missiles
 f - 317 stones (quivered)
 q - a throwing net
Armour
 b - a +0 hat
 n - a +0 shield
 M - a +2 robe of the Archmagi (worn)
 O - a +0 cloak (worn)
 S - a +2 hat (worn)
Jewellery
 i - an uncursed ring of protection from magic
 m - an uncursed ring of stealth
 o - a ring of see invisible (left hand)
 w - a ring of magical power (right hand)
 D - a +5 amulet of reflection (around neck)
 V - an uncursed ring of positive energy
Wands
 G - a wand of scattershot (3/9)
 L - a wand of flame (12/48)
 Q - a wand of confusion (21/48)
 U - a wand of confusion (21/48)
Scrolls
 a - a scroll of magic mapping {unknown}
 e - 5 scrolls of remove curse
 g - a scroll of fear
 h - 3 scrolls of teleportation
 r - 2 scrolls of enchant weapon {unknown}
 y - 2 scrolls of random uselessness {unknown}
 A - a scroll of blinking {unknown}
 B - 3 scrolls of fog
 C - a scroll of recharging {unknown}
 E - a scroll of identify
 J - a scroll of torment {unknown}
 K - a scroll of amnesia {unknown}
 R - a scroll of noise {unknown}
Potions
 j - a potion of brilliance
 l - 3 potions of haste {unknown}
 p - 2 potions of invisibility {unknown}
 s - 2 potions of curing
 t - a potion of heal wounds {unknown}
 x - 2 potions of degeneration
 H - a potion of magic {unknown}
 P - a potion of cancellation {unknown}
Books
 c - a book of Minor Magic

   Spells                             Type                      Level
   a - Magic Dart                     Conjuration                  1
   b - Blink                          Translocation                2
   c - Call Imp                       Summoning                    2
   d - Slow                           Hexes                        2
   e - Conjure Flame                  Conjuration/Fire             3
   f - Mephitic Cloud                 Conjuration/Poison/Air       3
 T - a book of Geomancy

   Spells                             Type                      Level
   a - Sandblast                      Earth                        1
   b - Passwall                       Transmutation/Earth          2
   c - Stone Arrow                    Conjuration/Earth            3
   d - Petrify                        Transmutation/Earth          4
   e - Lee's Rapid Deconstruction     Earth                        5
Comestibles
 d - 7 bread rations
 k - 6 meat rations
 I - a fruit
 W - a chunk of flesh


   Skills:
 + Level 10.6 Fighting
   Level 1.0 Maces & Flails
 - Level 7.0 Polearms
 - Level 1.7 Dodging
 - Level 1.4 Stealth
 * Level 1.5 Shields
 - Level 4.0 Spellcasting
 - Level 3.0 Conjurations
 - Level 3.0 Summonings
 - Level 0.8 Translocations
 - Level 3.3 Fire Magic


You had 8 spell levels left.
You knew the following spells:

 Your Spells              Type           Power        Failure   Level  Hunger
a - Blink                 Tloc           N/A          12%         2    #......
b - Conjure Flame         Conj/Fire      ####....     9%          3    ###....
c - Call Imp              Summ           ####....     4%          2    #......
f - Magic Dart            Conj           ####         3%          1    None


Dungeon Overview and Level Annotations

Branches:
Dungeon (8/15)             Temple (1/1) D:4
   Lair: D:8-11

Altars:
Ashenzari
Cheibriados
Dithmenos
Elyvilon
Fedhas
Gozag
Hepliaklqana
Kikubaaqudgha
Makhleb
Nemelex Xobeh
Okawaru
Qazlal
Ru
Sif Muna
Trog
Uskayaw
Vehumet
Xom
Zin
The Shining One


Innate Abilities, Weirdness & Mutations

You are too large for most types of armour.
You have tough skin. (AC +1)


Message History

As you read the scroll of fog, it crumbles to dust.
The scroll dissolves into smoke.
Casting: Call Imp
Confirm with . or Enter, or press ? or * to list all spells.
Aiming: Conjure Flame
Press: ? - help, Dir - move target cursor You feel a surge of power!
There's already a cloud there!
You feel sick.
You feel sick.
Found a meat ration.
You feel sick.
Something hits your iron imp but does no damage.
The centaur wields a shortbow.
The centaur shoots an arrow.
The arrow hits your iron imp but does no damage.
Found a stone staircase leading up.
Your iron imp barely misses the centaur.
The centaur shoots an arrow.
The arrow completely misses your iron imp.
The arrow hits you!
You die...

##### #...<
#....##
#....@###
#%......##
#....##..#######
#....
##§5c§§§§####
####.
#######§§§§####
## ####§§(.§
###### ##### .
#....


You could see a centaur and a friendly iron imp.

Vanquished Creatures
  An orc warrior (D:5)
  An ice beast (D:8)
  A black bear (D:8)
  2 ogres
  A centaur (D:5)
  A big kobold (D:6)
  6 bullfrogs
  Dowan (D:5)
  A water moccasin zombie (D:6)
  2 killer bees (D:7)
  2 centaur zombies
  A crimson imp (D:6)
  4 hounds
  A gnoll shaman (D:5)
  2 jellies
  3 bullfrog skeletons
  3 orc priests
  A centaur skeleton (D:4)
  An iguana (D:4)
  5 orc wizards
  5 worker ants
  A killer bee zombie (D:6)
  A hound skeleton (D:6)
  5 gnolls
  6 adders
  An ooze (D:4)
  2 worms
  2 dart slugs
  5 leopard geckos
  19 orcs
  5 giant cockroaches
  8 goblins
  5 hobgoblins
  13 jackals
  5 quokkas
  A ball python (D:3)
  11 bats
  4 frilled lizards
  3 kobolds
  2 leopard gecko skeletons
  10 rats
154 creatures vanquished.

Vanquished Creatures (collateral kills)
  Sigmund (D:5)
  A soldier ant (D:5)
  Duvessa (D:5)
  3 ogres
  2 killer bees (D:7)
  A howler monkey (D:4)
  A crimson imp (D:6)
  A bullfrog skeleton (D:8)
  A hound (D:5)
  An orc wizard (D:6)
  An orc priest (D:6)
  An iguana (D:8)
  3 worker ants
  5 gnolls
  An adder (D:7)
  A leopard gecko (D:4)
  3 orcs
  A hobgoblin (D:6)
  A jackal (D:6)
  A goblin (D:2)
31 creatures vanquished.

Grand Total: 185 creatures vanquished

Notes
Turn   | Place    | Note
-------+----------+-------------------------------------------
     0 | D:1      | motkuZENMODE the Ogre Wizard began the quest for the Orb.
     0 | D:1      | Reached XP level 1. HP: 16/16 MP: 5/5
    52 | D:1      | Reached skill level 1 in Conjurations
   401 | D:1      | Reached XP level 2. HP: 24/24 MP: 2/6
   765 | D:1      | Learned a level 2 spell: Call Imp
   964 | D:1      | Reached XP level 3. HP: 31/31 MP: 8/8
  1000 | D:1      | Reached skill level 1 in Summonings
  1508 | D:2      | Reached skill level 1 in Fighting
  1610 | D:2      | Found a radiant altar of Vehumet.
  1877 | D:2      | Learned a level 2 spell: Blink
  1881 | D:2      | Learned a level 3 spell: Conjure Flame
  2055 | D:2      | Reached skill level 2 in Fighting
  2055 | D:2      | Reached XP level 4. HP: 27/42 MP: 10/10
  2749 | D:3      | Reached skill level 3 in Fighting
  3143 | D:3      | Reached XP level 5. HP: 51/53 MP: 11/11
  3256 | D:3      | Reached skill level 1 in Maces & Flails
  3515 | D:4      | Found a blossoming altar of Fedhas.
  3546 | D:4      | Found a staircase to the Ecumenical Temple.
  3551 | Temple   | Entered the Ecumenical Temple
  3556 | Temple   | Became a worshipper of Warmaster Okawaru
  3615 | D:4      | Reached skill level 4 in Fighting
  3749 | D:4      | Reached skill level 1 in Polearms
  3955 | D:4      | Reached XP level 6. HP: 63/63 MP: 12/12
  4295 | D:4      | Reached skill level 5 in Fighting
  4763 | D:4      | Reached * piety under Okawaru
  5147 | D:4      | Reached skill level 6 in Fighting
  5147 | D:4      | Reached XP level 7. HP: 75/75 MP: 13/13
  5483 | D:5      | Entered Level 5 of the Dungeon
  5838 | D:5      | Noticed Sigmund
  5853 | D:5      | Killed Sigmund
  5853 | D:5      | Reached skill level 7 in Fighting
  5857 | D:5      | Found a stormy altar of Qazlal.
  5883 | D:5      | Noticed a soldier ant
  5948 | D:5      | Killed a soldier ant
  6206 | D:5      | Reached XP level 8. HP: 79/87 MP: 14/14
  6304 | D:5      | Reached skill level 5 in Polearms
  6468 | D:5      | Noticed Duvessa
  6468 | D:5      | Noticed Dowan
  6491 | D:5      | Killed Duvessa
  6491 | D:5      | Reached ** piety under Okawaru
  6502 | D:5      | Killed Dowan
  6502 | D:5      | Reached skill level 8 in Fighting
  7116 | D:6      | Found a sacrificial altar of Ru.
  7878 | D:6      | Reached *** piety under Okawaru
  7878 | D:6      | Reached skill level 1 in Fire Magic
  8254 | D:6      | Reached skill level 9 in Fighting
  8287 | D:6      | Found a bloodstained altar of Trog.
  8344 | D:6      | Found a burning altar of Makhleb.
  8346 | D:6      | Found a glowing silver altar of Zin.
  8347 | D:6      | Noticed a blizzard demon
  8347 | D:6      | Noticed an angel
  8385 | D:6      | Reached XP level 9. HP: 88/98 MP: 15/15
  8524 | D:7      | Found a shimmering altar of Xom.
  8897 | D:7      | Found a bloodstained altar of Trog.
  9070 | D:7      | Found a shimmering altar of Xom.
  9072 | D:7      | Found a shimmering altar of Xom.
  9085 | D:7      | Found a shimmering altar of Xom.
  9085 | D:7      | Found a shimmering altar of Xom.
  9085 | D:7      | Found a shimmering altar of Xom.
  9086 | D:7      | Found a shimmering altar of Xom.
  9087 | D:7      | Found a shattered altar of Ashenzari.
  9168 | D:7      | Got a translucent short sword
  9169 | D:7      | Identified the +4 short sword of Ointment {pierce, +Fly Str+4 Int+3} (You found it on level 7 of the Dungeon)
  9331 | D:7      | Reached skill level 10 in Fighting
  9547 | D:8      | Reached **** piety under Okawaru
  9848 | D:8      | Reached skill level 1 in Shields
  9985 | D:8      | Shot with an arrow by a centaur

Skill      XL: |  1  2  3  4  5  6  7  8  9 |
---------------+----------------------------+-----
Conjurations   | 1 2 3 |  3.0
Spellcasting   | 4 |  4.0
Summonings     | 1 2 3 |  3.0
Fighting       | 2 3 4 6 7 9 10 | 10.6
Maces & Flails | 1 |  1.0
Polearms       | 1 3 4 6 7 |  7.0
Fire Magic     | 1 3 |  3.3
Shields        | 1 |  1.5
Dodging        | |  1.7
Stealth        | |  1.4
Translocations | |  0.8

Action                   |  1- 3 |  4- 6 |  7- 9 || total
-------------------------+-------+-------+-------++-------
Melee: Unarmed           |    21 |       |       ||    21
       Club              |    32 |       |       ||    32
       Short sword       |    79 |       |    98 ||   177
       Whip              |       |   162 |       ||   162
       Spear             |       |    28 |   261 ||   289
       Trident           |       |    64 |    96 ||   160
Throw: Stone             |       |     1 |       ||     1
 Cast: Magic Dart        |    50 |    42 |     3 ||    95
       Call Imp          |     2 |    14 |    81 ||    97
       Conjure Flame     |       |     7 |     4 ||    11
       Blink             |       |       |     1 ||     1
  Use: Scroll            |       |     5 |     5 ||    10
       Potion            |       |       |     2 ||     2
 Stab: Sleeping          |     1 |       |     2 ||     3
       Distracted        |       |       |     2 ||     2
  Eat: Chunk             |     4 |     8 |    16 ||    28
       Royal jelly       |       |     1 |       ||     1
       Fruit             |       |       |     3 ||     3
Armor: Robe              |    29 |    76 |    81 ||   186
Dodge: Dodged            |    58 |   121 |   159 ||   338
Block: Other             |       |    12 |    70 ||    82
       Reflection        |       |       |     3 ||     3
